 Dungeon Sprint DCSS version 0.17-a0-1778-gd369669 (webtiles) character file.

346 pipel the Summoner (level 6, 0/78 HPs)
             Began as a Hill Orc Summoner on Sept 8, 2015.
             Was a High Priest of Beogh.
             Killed from afar by Dowan (17 damage)
             ... with a shard of ice
             ... in the Dungeon (Sprint VII: "The Pits").
             The game lasted 00:04:46 (596 turns).

pipel the Summoner (Hill Orc Summoner)               Turns: 596, Time: 00:04:46

Health: 0/78       AC:  2    Str: 18    XL:     6   Next: 59%
Magic:  9/13       EV: 14    Int: 15    God:    Beogh [*****.]
Gold:   0          SH:  0    Dex: 11    Spells: 2 memorised, 10 levels left

rFire  . . .     SeeInvis .     a - +2 trident (pierce)
rCold  . . .     Clarity  .     k - +0 robe
rNeg   . . .     SustAt   .     (no shield)
rPois  .         Gourm    .     (no helmet)
rElec  .         Spirit   .     (no cloak)
rCorr  .         Warding  .     (no gloves)
rMut   .         NoTele   +     (no boots)
MR     .....                    (no amulet)
Stlth  ..........               (no ring)
                                (no ring)

@: berserking, very quick, not resistant to hostile enchantments, extremely
unstealthy
A: walk on water
a: Smiting, Recall Orcish Followers, Give Item to Named Follower, Renounce
Religion


You were in the Dungeon.
You worshipped Beogh.
Beogh was extremely pleased with you.
You were not hungry.

You visited 1 branch

Inventory:

Hand weapons
 a - a +2 trident of piercing (weapon)
 j - a +2 hand axe
 w - a +2 trident
Missiles
 o - 10 stones (quivered)
Armour
 k - a +0 robe (worn)
 v - a +3 chain mail
Magical staves
 b - an uncursed staff of energy
Scrolls
 i - a scroll of blinking
 q - 3 scrolls of remove curse
 r - 5 scrolls of amnesia
 s - a scroll of summoning
 t - 2 scrolls of vulnerability
Potions
 d - 5 potions of curing
 e - 6 potions of heal wounds
 f - a potion of haste
 g - 3 potions of magic
 h - 2 potions of berserk rage
 n - 2 potions of invisibility
Books
 p - a book of Callings

   Spells                             Type                      Level
   a - Summon Small Mammal            Summoning                    1
   b - Call Imp                       Summoning                    2
   c - Call Canine Familiar           Summoning                    3
   d - Summon Guardian Golem          Hexes/Summoning              3
   e - Summon Lightning Spire         Summoning/Air                4
   f - Summon Ice Beast               Ice/Summoning                4
Comestibles
 c - 8 bread rations
 l - 40 fruits
 m - 7 meat rations


   Skills:
 + Level 4.2 Fighting
 + Level 3.5 Polearms
 - Level 1.0 Throwing
 + Level 5.0 Dodging
 - Level 1.9 Stealth
 - Level 0.7 Unarmed Combat
 + Level 4.8 Spellcasting
 + Level 9.8 Summonings
 + Level 2.0 Invocations
 + Level 0.2 Evocations


You had 10 spell levels left.
You knew the following spells:

 Your Spells              Type           Power        Failure   Level  Hunger
a - Summon Small Mammal   Summ           ####         1%          1    None
b - Call Canine Familiar  Summ           ####....     1%          3    ###....


Dungeon Overview and Level Annotations

Branches:
Dungeon (1/1)

Altars:
Ashenzari
Cheibriados
Dithmenos
Elyvilon
Fedhas
Gozag
Kikubaaqudgha
Makhleb
Nemelex Xobeh
Okawaru
Qazlal
Ru
Sif Muna
Trog
Vehumet
Xom
Yredelemnul
Zin
The Shining One
Beogh
Jiyva
Lugonu

Annotations:
D Dowan


Message History

You feel yourself moving faster!
You feel mighty!
The big kobold hits you but does no damage.
You puncture the big kobold!
You kill the big kobold!
Beogh accepts your kill.
You can now walk on water and give items to your followers.
Your Fighting skill increases to level 4!
Your Polearms skill increases to level 3!
Your Dodging skill increases to level 5!
Your Invocations skill increases to level 2!
Dowan gestures wildly while chanting.
Dowan blinks!
You see here a dagger.
Attack whom?
Press: ? - help, Dir - move target cursor, f - Dowan
Aim: Dowan, wielding a dagger and wearing a robe (fast)
You reach to attack!
You barely miss Dowan. Dowan gestures at you while chanting.
The shard of ice hits you!
You die...

#'#####)#####.....
#.#..#..#..##.....
#.#..)..#).#####'#
#o#..####))##.....
#o#..#..#))##.....
#o#..#..#.[##.....
#)##'#..#'###...<.
#o#........##.....
#@#........##.....
#§###########.....
#e.†....# ######
#.(###..# #...
##.## .. .# e.


You could see Dowan, a friendly orc priest, 2 friendly orc wizards and a
friendly orc.

Vanquished Creatures
  Duvessa (D)
  A big kobold (D)
  A brain worm (D)
  An orc priest (D)
  A giant eyeball (D)
  An ooze (D)
  An orc (D)
  A ball python (D)
  A goblin (D)
  A hobgoblin (D)
  3 jackals (D)
  2 giant cockroaches (D)
  A rat (D)
16 creatures vanquished.

Vanquished Creatures (collateral kills)
  A water moccasin (D)
  An orc wizard (D)
  A goblin (D)
  A kobold (D)
4 creatures vanquished.

Grand Total: 20 creatures vanquished

Notes
Turn   | Place    | Note
--------------------------------------------------------------
     0 | D        | pipel the Hill Orc Summoner began the quest for the Orb.
     0 | D        | Reached XP level 1. HP: 14/14 MP: 3/3
    51 | D        | Found a sacrificial altar of Ru.
    51 | D        | Found a shadowy altar of Dithmenos.
    51 | D        | Found a bloodstained altar of Trog.
    51 | D        | Found a deep blue altar of Sif Muna.
    51 | D        | Found a shimmering altar of Xom.
    51 | D        | Found a sparkling altar of Nemelex Xobeh.
    51 | D        | Found a corrupted altar of Lugonu.
    51 | D        | Found a viscous altar of Jiyva.
    52 | D        | Found a basalt altar of Yredelemnul.
    52 | D        | Found a glowing golden altar of the Shining One.
    52 | D        | Found a shattered altar of Ashenzari.
    52 | D        | Found a white marble altar of Elyvilon.
    52 | D        | Found a snail-covered altar of Cheibriados.
    52 | D        | Found a blossoming altar of Fedhas.
    52 | D        | Found a radiant altar of Vehumet.
    52 | D        | Found a burning altar of Makhleb.
    52 | D        | Found an ancient bone altar of Kikubaaqudgha.
    52 | D        | Found a glowing silver altar of Zin.
    52 | D        | Found a roughly hewn altar of Beogh.
    52 | D        | Found an iron altar of Okawaru.
    57 | D        | Found a stormy altar of Qazlal.
    57 | D        | Found an opulent altar of Gozag.
    58 | D        | Became a worshipper of Beogh the Brigand
   231 | D        | Acquired Beogh's first power
   345 | D        | Noticed a brain worm
   345 | D        | Reached skill level 5 in Summonings
   347 | D        | Acquired Beogh's second power
   347 | D        | Reached XP level 2. HP: 18/20 MP: 0/4
   350 | D        | Killed a brain worm
   350 | D        | Reached skill level 1 in Fighting
   350 | D        | Reached skill level 7 in Summonings
   350 | D        | Reached XP level 3. HP: 18/28 MP: 0/7
   350 | D        | Reached XP level 4. HP: 22/35 MP: 0/8
   355 | D        | Learned a level 3 spell: Call Canine Familiar
   486 | D        | Acquired Beogh's third power
   539 | D        | Noticed an orc priest
   540 | D        | Noticed an orc wizard
   541 | D        | Noticed a big kobold
   541 | D        | Noticed Duvessa
   546 | D        | Killed an orc priest
   546 | D        | Reached skill level 1 in Polearms
   546 | D        | Reached skill level 8 in Summonings
   547 | D        | Noticed a water moccasin
   556 | D        | Killed an orc wizard
   556 | D        | Reached XP level 5. HP: 30/41 MP: 2/10
   568 | D        | Killed a water moccasin
   568 | D        | Acquired Beogh's fourth power
   568 | D        | Reached skill level 9 in Summonings
   568 | D        | Reached skill level 1 in Invocations
   572 | D        | Beogh protects you from harm!
   580 | D        | Killed Duvessa
   580 | D        | Reached skill level 1 in Throwing
   580 | D        | Reached XP level 6. HP: 16/52 MP: 10/12
   591 | D        | Noticed Dowan
   594 | D        | Killed a big kobold
   594 | D        | Acquired Beogh's fifth power
   594 | D        | Reached skill level 5 in Dodging
   596 | D        | Killed from afar by Dowan

Vault maps used:
D:        pitsprint

Action                   |  1- 3 |  4- 6 || total
-------------------------+-------+-------++-------
Melee: Trident           |    19 |    33 ||    52
       Unarmed           |     5 |       ||     5
Throw: Stone             |       |     2 ||     2
 Cast: Summon Small Mamm |    10 |       ||    10
       Call Canine Famil |       |     5 ||     5
Invok: Smiting           |       |     1 ||     1
Evoke: Staff of energy   |       |     1 ||     1
  Use: Potion            |       |     3 ||     3
